SKY
INDIANAPOLIS IGNITION @ MEMPHIS BLUES
05/29/2052
 
TOP OF THE 1ST
Indianapolis Ignition batting - Pitching for Memphis Blues : RHP Marc Masterson
Pitching: RHP Marc Masterson
Batting: RHB Wendell Dominique 0-0: Ground out 6-3 (Groundball, 6, EV 96.3 MPH)
Batting: LHB Ryan Penryn 0-0: Ball
1-0: Swinging Strike
1-1: Ball
2-1: Swinging Strike
2-2: Ball
3-2: Fly out, F7 (Line Drive, 7S, EV 96.9 MPH)
Batting: SHB Benjamin Nang 0-0: Foul Ball, location: 7LSF
0-1: SINGLE (Line Drive, 9LS, EV 103.8 MPH)
Batting: LHB Belero Aguilar 0-0: Ball
1-0: Swinging Strike
1-1: Foul Ball, location: 7LDF
1-2: Foul Ball, location: 2F
1-2: Foul Ball, location: 2F
1-2: Foul Ball, location: 9LMF
1-2: Foul Ball, location: 3F
1-2: Strikes out swinging
Top of the 1st over - 0 runs, 1 hit, 0 errors, 1 left on base; Indianapolis 0 - Memphis 0
BOTTOM OF THE 1ST
Memphis Blues batting - Pitching for Indianapolis Ignition : RHP Jason Hartman
Pitching: RHP Jason Hartman
Batting: RHB Julien Straton 0-0: SINGLE (Groundball, 56D, EV 96.3 MPH)
Batting: LHB Caleb Oliver 0-0: Called Strike
0-1: Foul Ball, location: 2F
0-2: Ball
1-2: Ball
2-2: Strikes out swinging
Batting: RHB Yohan Roque 0-0: Ball
1-0: SINGLE (Line Drive, 7S, EV 92.5 MPH)
Julien Straton to second
Batting: LHB R.J. Brown 0-0: Called Strike
0-1: Called Strike
0-2: Ball
1-2: Strikes out looking
Batting: LHB Alex Nicholson 0-0: Ball
1-0: Called Strike
1-1: Swinging Strike
1-2: Strikes out swinging
Bottom of the 1st over - 0 runs, 2 hits, 0 errors, 2 left on base; Indianapolis 0 - Memphis 0
TOP OF THE 2ND
Indianapolis Ignition batting - Pitching for Memphis Blues : RHP Marc Masterson
Batting: RHB Jason Stafford 0-0: Foul Ball, location: 9LMF
0-1: Ball
1-1: Ball
2-1: Ball
3-1: Called Strike
3-2: Foul Ball, location: 3SF
3-2: Foul Ball, location: 3SF
3-2: Foul Ball, location: 9LSF
3-2: Ground out 5-3 (Groundball, 56, EV 101.9 MPH)
Batting: LHB Brandon Wright 0-0: Fly out, F7 (Flyball, 7D, EV 106.9 MPH)
Batting: SHB Randy Kennedy 0-0: Ball
1-0: Fly out, F8 (Flyball, 8RD, EV 102.5 MPH)
Top of the 2nd over - 0 runs, 0 hits, 0 errors, 0 left on base; Indianapolis 0 - Memphis 0
BOTTOM OF THE 2ND
Memphis Blues batting - Pitching for Indianapolis Ignition : RHP Jason Hartman
Batting: RHB Miles Hallam 0-0: Ball
1-0: Ball
2-0: Ball
3-0: Ground out U3 (Groundball, 3L, EV 83.8 MPH)
Batting: LHB Max Foster 0-0: Fly out, F7 (Flyball, 7, EV 93.1 MPH)
Batting: RHB Amadeo Ybarra 0-0: Called Strike
0-1: SINGLE (Groundball, 56D, EV 108.8 MPH)
Batting: RHB Josh Benedict 0-0: Ball
1-0: SINGLE (Groundball, 4M, EV 101.3 MPH) (infield hit)
Amadeo Ybarra to second
Batting: RHB Julien Straton 0-0: Ball
1-0: SINGLE (Line Drive, 8RS, EV 95.6 MPH)
Amadeo Ybarra to third
Josh Benedict to second
Runner from 3rd tries for Home, SAFE, throw by CF to home
Batting: LHB Caleb Oliver 0-0: Ground out 6-3 (Groundball, 56, EV 100.0 MPH)
Bottom of the 2nd over - 1 run, 3 hits, 0 errors, 2 left on base; Indianapolis 0 - Memphis 1
TOP OF THE 3RD
Indianapolis Ignition batting - Pitching for Memphis Blues : RHP Marc Masterson
Batting: RHB Grayson Potts 0-0: Ground out 6-3 (Groundball, 56, EV 83.8 MPH)
Batting: LHB E.J. Sadowski 0-0: Foul Ball, location: 3FF
0-1: Called Strike
0-2: Strikes out swinging
Batting: RHB Wendell Dominique 0-0: Called Strike
0-1: Foul Ball, location: 5F
0-2: Ground out 3-1 (Groundball, 34, EV 100.0 MPH)
Top of the 3rd over - 0 runs, 0 hits, 0 errors, 0 left on base; Indianapolis 0 - Memphis 1
BOTTOM OF THE 3RD
Memphis Blues batting - Pitching for Indianapolis Ignition : RHP Jason Hartman
Batting: RHB Yohan Roque 0-0: Called Strike
0-1: Swinging Strike
0-2: Ground out 6-3 (Groundball, 6, EV 88.8 MPH)
Batting: LHB R.J. Brown 0-0: Ball
1-0: Fly out, F8 (Flyball, 8RXD, EV 95.0 MPH)
Batting: LHB Alex Nicholson 0-0: Swinging Strike
0-1: Swinging Strike
0-2: Ball
1-2: SINGLE (Groundball, 34D, EV 104.4 MPH)
Batting: RHB Miles Hallam 0-0: Swinging Strike
0-1: Ball
1-1: Hit by Pitch
Alex Nicholson to second
Batting: LHB Max Foster 0-0: Ball
1-0: Ball
2-0: Called Strike
2-1: Ground out 4-3 (Groundball, 34, EV 91.9 MPH)
Bottom of the 3rd over - 0 runs, 1 hit, 0 errors, 2 left on base; Indianapolis 0 - Memphis 1
TOP OF THE 4TH
Indianapolis Ignition batting - Pitching for Memphis Blues : RHP Marc Masterson
Batting: LHB Ryan Penryn 0-0: Ball
1-0: Ball
2-0: Foul Ball, location: 7LMF
2-1: Ball
3-1: Foul Ball, location: 23F
3-2: Foul Ball, location: 25F
3-2: Strikes out looking
Batting: SHB Benjamin Nang 0-0: Foul Ball, location: 3FF
0-1: Ground out 4-3 (Groundball, 4, EV 87.5 MPH)
Batting: LHB Belero Aguilar 0-0: Called Strike
0-1: SINGLE (Groundball, 4MD, EV 106.3 MPH)
Batting: RHB Jason Stafford 0-0: Called Strike
0-1: Ball
1-1: Foul Ball, location: 9LMF
1-2: Ball
2-2: Foul Ball, location: 9LMF
2-2: Ball
3-2: Fly out, F8 (Flyball, 8LD, EV 93.1 MPH)
Top of the 4th over - 0 runs, 1 hit, 0 errors, 1 left on base; Indianapolis 0 - Memphis 1
BOTTOM OF THE 4TH
Memphis Blues batting - Pitching for Indianapolis Ignition : RHP Jason Hartman
Batting: RHB Amadeo Ybarra 0-0: Ball
1-0: Foul Ball, location: 2F
1-1: Ball
2-1: Ball
3-1: SINGLE (Line Drive, 89M, EV 88.8 MPH)
Pitching: RHP Phil Neo
Batting: RHB Josh Benedict 0-0: Ball
Amadeo Ybarra is caught stealing 2nd base 2-4
1-0: Ball
2-0: Ball
3-0: Called Strike
3-1: Fly out, F9 (Flyball, 89D, EV 91.9 MPH)
Batting: RHB Julien Straton 0-0: Called Strike
0-1: Foul Ball, location: 7LMF
0-2: Ball
1-2: Strikes out swinging
Bottom of the 4th over - 0 runs, 1 hit, 0 errors, 0 left on base; Indianapolis 0 - Memphis 1
TOP OF THE 5TH
Indianapolis Ignition batting - Pitching for Memphis Blues : RHP Marc Masterson
Batting: LHB Brandon Wright 0-0: Ball
1-0: Called Strike
1-1: Called Strike
1-2: Ball
2-2: Ball
3-2: Foul Ball, location: 2F
3-2: Foul Ball, location: 7LMF
3-2: Base on Balls
Batting: SHB Randy Kennedy 0-0: Ball
1-0: Swinging Strike
1-1: SINGLE (Line Drive, 6D, EV 95.0 MPH)
Brandon Wright to second
Batting: RHB Grayson Potts 0-0: Swinging Strike
0-1: Ball
1-1: Fly out, F7 (Flyball, 8LM, EV 98.1 MPH)
Batting: LHB E.J. Sadowski 0-0: Swinging Strike
0-1: Grounds into double play, 6-4-3 (Groundball, 6M, EV 88.1 MPH)
Top of the 5th over - 0 runs, 1 hit, 0 errors, 1 left on base; Indianapolis 0 - Memphis 1
BOTTOM OF THE 5TH
Memphis Blues batting - Pitching for Indianapolis Ignition : RHP Phil Neo
Batting: LHB Caleb Oliver 0-0: Ground out 4-3 (Groundball, 4, EV 101.3 MPH)
Batting: RHB Yohan Roque 0-0: SINGLE (Line Drive, 8RS, EV 93.1 MPH)
Batting: LHB R.J. Brown 0-0: Ball
1-0: Called Strike
1-1: Ball
2-1: Ball
3-1: Base on Balls
Yohan Roque to second
Batting: LHB Alex Nicholson 0-0: Foul Ball, location: 3F
0-1: Called Strike
0-2: Ball
1-2: Fielders Choice at 2nd, 6-4 (Groundball, 6M, EV 85.6 MPH)
Yohan Roque to third
Batting: RHB Miles Hallam 0-0: Ball
1-0: Fly out, F8 (Flyball, 89XD, EV 103.1 MPH)
Bottom of the 5th over - 0 runs, 1 hit, 0 errors, 2 left on base; Indianapolis 0 - Memphis 1
TOP OF THE 6TH
Indianapolis Ignition batting - Pitching for Memphis Blues : RHP Marc Masterson
Batting: RHB Wendell Dominique 0-0: Called Strike
0-1: Ball
1-1: Ball
2-1: Foul Ball, location: 3F
2-2: Strikes out swinging
Batting: LHB Ryan Penryn 0-0: Ball
1-0: Foul Ball, location: 7LMF
1-1: Ground out 1-3 (Groundball, 13S, EV 75.0 MPH)
Batting: SHB Benjamin Nang 0-0: Ball
1-0: Swinging Strike
1-1: Ball
2-1: Called Strike
2-2: Ball
3-2: Strikes out looking
Top of the 6th over - 0 runs, 0 hits, 0 errors, 0 left on base; Indianapolis 0 - Memphis 1
BOTTOM OF THE 6TH
Memphis Blues batting - Pitching for Indianapolis Ignition : RHP Phil Neo
Batting: LHB Max Foster 0-0: Called Strike
0-1: Ball
1-1: Ball
2-1: Called Strike
2-2: Strikes out swinging
Batting: RHB Amadeo Ybarra 0-0: Called Strike
0-1: Swinging Strike
0-2: Foul Ball, location: 23F
0-2: Foul Ball, location: 2F
0-2: Strikes out swinging
Batting: RHB Josh Benedict 0-0: Ball
1-0: SINGLE (Groundball, 6MD, EV 98.8 MPH)
Batting: RHB Julien Straton 0-0: Fly out, F7 (Flyball, 78D, EV 108.1 MPH)
Bottom of the 6th over - 0 runs, 1 hit, 0 errors, 1 left on base; Indianapolis 0 - Memphis 1
TOP OF THE 7TH
Indianapolis Ignition batting - Pitching for Memphis Blues : RHP Marc Masterson
Now at C: Ishmael Baptiste
Now in RF: Urso Cardona
Batting: LHB Belero Aguilar 0-0: Foul Ball, location: 7LSF
0-1: Swinging Strike
0-2: Ball
1-2: Ball
2-2: Foul Ball, location: 2F
2-2: SINGLE (Line Drive, 7S, EV 88.1 MPH)
Batting: RHB Jason Stafford 0-0: Foul Ball, location: 9LDF
0-1: Ball
1-1: 2-RUN HOME RUN (Flyball, 7D, EV 93.1 MPH), Distance : 361 ft
Batting: LHB Brandon Wright 0-0: DOUBLE (Line Drive, 5D, EV 103.1 MPH)
Batting: SHB Randy Kennedy 0-0: Ball
1-0: Foul Ball, location: 5SF
1-1: Foul Ball, location: 7LDF
1-2: 2-RUN HOME RUN (Flyball, 9D, EV 95.6 MPH), Distance : 356 ft
Batting: RHB Grayson Potts 0-0: Called Strike
0-1: Fly out, F6 (Popup, 6M, EV 63.1 MPH)
Batting: LHB E.J. Sadowski 0-0: Ball
1-0: Ball
2-0: DOUBLE (Flyball, 78XD, EV 103.8 MPH)
Pitching: RHP Hastings Anderson
Batting: RHB Wendell Dominique 0-0: Called Strike
0-1: Ball
1-1: Foul Ball, location: 2F
1-2: Foul Ball, location: 5SF
1-2: Foul Ball, location: 2F
1-2: Ball
2-2: Strikes out looking
Batting: LHB Ryan Penryn 0-0: Swinging Strike
0-1: Ball
1-1: SINGLE (Line Drive, 8LS, EV 95.0 MPH)
E.J. Sadowski to third
Runner from 3rd tries for Home, SAFE, throw by CF to home
Batting: SHB Benjamin Nang 0-0: Called Strike
0-1: Foul Ball, location: 3FF
0-2: Ball
1-2: Strikes out swinging
Top of the 7th over - 5 runs, 6 hits, 0 errors, 1 left on base; Indianapolis 5 - Memphis 1
BOTTOM OF THE 7TH
Memphis Blues batting - Pitching for Indianapolis Ignition : RHP Phil Neo
Pitching: LHP Timmy Linder
Batting: LHB Caleb Oliver 0-0: Swinging Strike
0-1: Ball
1-1: Fly out, F4 (Popup, 4D, EV 53.1 MPH)
Batting: RHB Yohan Roque 0-0: Ball
1-0: Foul Ball, location: 2F
1-1: Foul Ball, location: 5SF
1-2: Ball
2-2: Fly out, F3 (Popup, 3S, EV 69.4 MPH)
Batting: LHB R.J. Brown 0-0: Called Strike
0-1: Ball
1-1: Foul Ball, location: 2F
1-2: Ball
2-2: Ball
3-2: Ground out 6-3 (Groundball, 6, EV 85.0 MPH)
Bottom of the 7th over - 0 runs, 0 hits, 0 errors, 0 left on base; Indianapolis 5 - Memphis 1
TOP OF THE 8TH
Indianapolis Ignition batting - Pitching for Memphis Blues : RHP Hastings Anderson
Batting: LHB Belero Aguilar 0-0: Called Strike
0-1: Swinging Strike
0-2: Ball
1-2: Ball
2-2: Strikes out looking
Batting: RHB Jason Stafford 0-0: Called Strike
0-1: Foul Ball, location: 9LDF
0-2: Ball
1-2: Foul Ball, location: 9LMF
1-2: Ball
2-2: Ground out U3 (Groundball, 34, EV 87.5 MPH)
Batting: LHB Brandon Wright 0-0: DOUBLE (Flyball, 78XD, EV 109.4 MPH) - OUT at third base trying to stretch hit.
Top of the 8th over - 0 runs, 1 hit, 0 errors, 0 left on base; Indianapolis 5 - Memphis 1
BOTTOM OF THE 8TH
Memphis Blues batting - Pitching for Indianapolis Ignition : LHP Timmy Linder
Batting: LHB Alex Nicholson 0-0: Swinging Strike
0-1: Foul Ball, location: 2F
0-2: Strikes out swinging
Batting: RHB Urso Cardona 0-0: Foul Ball, location: 2F
0-1: Ball
1-1: Called Strike
1-2: Ground out 6-3 (Groundball, 6S, EV 85.6 MPH)
Batting: SHB Ishmael Baptiste 0-0: Ball
1-0: Ground out 4-3 (Groundball, 4S, EV 60.6 MPH)
Bottom of the 8th over - 0 runs, 0 hits, 0 errors, 0 left on base; Indianapolis 5 - Memphis 1
TOP OF THE 9TH
Indianapolis Ignition batting - Pitching for Memphis Blues : RHP Hastings Anderson
Batting: SHB Randy Kennedy 0-0: Ball
1-0: Foul Ball, location: 25FF
1-1: Fly out, F8 (Flyball, 8LD, EV 105.0 MPH)
Batting: RHB Grayson Potts 0-0: Ball
1-0: Ball
2-0: Ball
3-0: Called Strike
3-1: Called Strike
3-2: Strikes out swinging
Batting: LHB E.J. Sadowski 0-0: Ball
1-0: Called Strike
1-1: Ball
2-1: Called Strike
2-2: Strikes out swinging
Top of the 9th over - 0 runs, 0 hits, 0 errors, 0 left on base; Indianapolis 5 - Memphis 1
BOTTOM OF THE 9TH
Memphis Blues batting - Pitching for Indianapolis Ignition : LHP Timmy Linder
Batting: RHB Amadeo Ybarra 0-0: Ground out 6-3 (Groundball, 56, EV 77.5 MPH)
Batting: RHB Josh Benedict 0-0: Called Strike
0-1: Ball
1-1: Ball
2-1: Ball
3-1: Called Strike
3-2: Base on Balls
Batting: RHB Julien Straton 0-0: Fielders Choice at 2nd, 6-4 (Groundball, 6, EV 90.0 MPH)
Batting: LHB Caleb Oliver 0-0: Fielders Choice at 2nd, U4 (Groundball, 4M, EV 102.5 MPH)
Bottom of the 9th over - 0 runs, 0 hits, 0 errors, 1 left on base; Indianapolis 5 - Memphis 1
Tuesday, April 23rd , 2024 - OOTP Baseball 24.11 Build 85